 Dungeon Crawl Stone Soup version 0.24-a0-412-ge138f7edaf (webtiles) character file.

Game seed: 11657296283662640370

99 Amnesiac the Insei (level 4, -4/28 HPs)
             Began as an Octopode Transmuter on June 7, 2019.
             Killed by divine providence
             ... invoked by an orc priest
              (13 damage)
             ... on level 4 of the Dungeon.
             The game lasted 00:02:49 (1358 turns).

Amnesiac the Insei (Octopode Transmuter)            Turns: 1358, Time: 00:02:49

Health: -4/28      AC:  1    Str:  9    XL:     4   Next: 72%
Magic:  0/7        EV: 14    Int: 15    God:
Gold:   107        SH:  0    Dex: 13    Spells: 1/7 levels left

rFire    . . .     SeeInvis .     - Unarmed
rCold    . . .     Gourm    .   (no shield)
rNeg     . . .     Faith    .   (helmet restricted)
rPois    .         Spirit   .   (no amulet)
rElec    .         Reflect  .   (no ring)
rCorr    .         Harm     .   (no ring)
MR       .....                  (no ring)
Stlth    ++........             (no ring)
HPRegen  0.09/turn              (no ring)
MPRegen  0.10/turn              (no ring)
                                (no ring)
                                (no ring)

@: very slightly contaminated
A: almost no armour, stealthy swim, amphibious, 8 rings, constrict 8, camouflage
1, gelatinous body 1
a: no special abilities


You were on level 4 of the Dungeon.
You were hungry.

You visited 1 branch of the dungeon, and saw 4 of its levels.

You collected 107 gold pieces.

Inventory:

Missiles
 a - 9 arrows
Scrolls
 e - a scroll of identify {!r, unknown}
 f - a scroll of random uselessness {!r, unknown}
 g - a scroll of amnesia {!r, unknown}
Potions
 b - 2 potions of lignification {!q, unknown}
 d - a potion of curing {!q, unknown}
 h - 2 potions of flight {!q, unknown}
 i - 2 potions of might {!q, unknown}
Comestibles
 c - 3 rations


   Skills:
 - Level 1.0 Fighting
 - Level 2.4 Dodging
 * Level 4.1 Unarmed Combat
 - Level 2.0 Spellcasting
 + Level 3.4 Transmutations


You had one spell level left.
You knew the following spells:

 Your Spells              Type           Power        Failure   Level  Hunger
a - Beastly Appendage     Tmut           ##....       5%          1    #......
b - Sticks to Snakes      Tmut           ##......     9%          2    ###....
e - Spider Form           Tmut/Pois      #.........   32%         3    ###....

Your spell library contained the following spells:

 Spells                   Type           Power        Failure   Level  Hunger
 Ice Form                 Ice/Tmut       #.......     73%         4    #####..
 Blade Hands              Tmut           ##........   83%         5    ######.


Dungeon Overview and Level Annotations

Branches:
Dungeon (4/15)
 Temple: D:4-7

Altars:
Fedhas


Innate Abilities, Weirdness & Mutations

You cannot wear most types of armour.
You are very stealthy in the water. (Stealth+)
You are amphibious.
You can wear up to eight rings at the same time.
You can use your tentacles to constrict eight enemies at once.
Your skin changes colour to match your surroundings (Stealth+).
Your rubbery body absorbs attacks. (AC +1, EV +1)


Message History

The bullfrog skeleton hits you!
You tentacle-slap the bullfrog skeleton. x2
The bullfrog skeleton is severely damaged.
You constrict the bullfrog skeleton.
The bullfrog skeleton barely misses you.
You tentacle-slap the bullfrog skeleton. x2
The bullfrog skeleton is almost destroyed.
You constrict the bullfrog skeleton. The bullfrog skeleton misses you.
You tentacle-slap the bullfrog skeleton.
You destroy the bullfrog skeleton!
Your Unarmed Combat skill increases to level 4!
No target in view!
Things that are here:
a +0 flail; a cursed +0 chain mail; an adder skeleton
Casting: Sticks to Snakes (safe; 9% risk of failure)
Confirm with . or Enter, or press ? or * to list all spells.
Okay, then.
You start resting.
You are feeling hungry.
An orc priest comes into view.
It is wielding a +0 flail of protection.
The orc priest moves out of view.
The orc priest shouts!
The orc priest casts a cantrip, but nothing happens.
The orc priest is too close now for your liking.
Casting: Sticks to Snakes (safe; 9% risk of failure)
Confirm with . or Enter, or press ? or * to list all spells.
You create a snake!
You now have 9 arrows.
Casting: Sticks to Snakes (safe; 9% risk of failure)
Confirm with . or Enter, or press ? or * to list all spells.
You miscast Spider Form.
You are very lightly contaminated with residual magic.
You smell something strange.
Casting: Spider Form (safe; 32% risk of failure)
Confirm with . or Enter, or press ? or * to list all spells.
You don't have enough magic to cast that spell.
Unknown command.
The orc priest hits you with a +0 flail of protection!
The orc priest mumbles some strange prayers to Beogh against you.
You barely resist. You closely miss the orc priest.
Your ball python grabs the orc priest.
Your ball python constricts the orc priest.
The orc priest hits you with a +0 flail of protection!
* * * LOW HITPOINT WARNING * * *
You tentacle-slap the orc priest.
The orc priest is lightly wounded.
Your ball python constricts the orc priest.
Unknown command.
You tentacle-slap the orc priest but do no damage.
The orc priest is lightly wounded.
The orc priest hits you but does no damage.
Your ball python constricts the orc priest.
Unknown command.
Casting: Spider Form (safe; 32% risk of failure)
Confirm with . or Enter, or press ? or * to list all spells.
You miscast Spider Form.
Nothing appears to happen.
The orc priest barely misses you.
Your ball python constricts the orc priest.
Unknown command.
You tentacle-slap the orc priest but do no damage.
The orc priest is moderately wounded.
Your ball python constricts the orc priest.
The orc priest calls down the wrath of Beogh upon you.
Beogh smites you!
You die...

#####
......###
...##...######
...........o@#
####...####S#
#..## #.# #..
#.# #.. #.#
... #.# ##..
#.# #..
#)#########
#..
#.........#


You could see an orc priest and a friendly ball python.

Vanquished Creatures
  A bullfrog skeleton (D:4)
  An orc wizard (D:3)
  2 adders
  A worm (D:2)
  A dart slug (D:2)
  An orc (D:4)
  3 bats
  A giant cockroach (D:2)
  A goblin (D:1)
  2 hobgoblins (D:1)
  2 kobolds
  A quokka (D:2)
  A rat (D:2)
18 creatures vanquished.

Vanquished Creatures (collateral kills)
  A worm (D:2)
1 creature vanquished.

Grand Total: 19 creatures vanquished

Notes
Turn   | Place    | Note
-------+----------+-------------------------------------------
     0 | D:1      | Amnesiac the Octopode Transmuter began the quest for the
                  | Orb.
     0 | D:1      | Reached XP level 1. HP: 13/13 MP: 3/3
   173 | D:1      | Reached XP level 2. HP: 9/18 MP: 5/5
   177 | D:1      | Learned a level 2 spell: Sticks to Snakes
   555 | D:2      | Found a blossoming altar of Fedhas.
   700 | D:2      | Reached XP level 3. HP: 21/23 MP: 3/6
   705 | D:2      | Learned a level 3 spell: Spider Form
   718 | D:3      | Found a faded altar of an unknown god.
   847 | D:3      | Reached XP level 4. HP: 8/28 MP: 2/7
  1257 | D:4      | Reached skill level 4 in Unarmed Combat
  1358 | D:4      | Killed from afar by an orc priest

Levels and vault maps discovered:
D:1:      tarquinn_simple_flora_water_d, layout_basic, minmay_parallelograms,
          chequers_serial_rivers_micro_e, chequers_serial_rivers_micro_b,
          grunt_decor_one_mirror, minmay_tromino_v4_b
D:2:      layout_rooms, fedhas_altar_1
D:3:      layout_basic, nicolae_gozag_seed_capital,
          chequers_ecumenical_altar_simple_redux, uniq_terence, uniq_grinder,
          uniq_jessica
D:4:      layout_loops_ring, marbit_many_paths, temple_statues, serial_shops,
          shop_fountains, minivault_11, nicolae_zen_rock_garden,
          kennysheep_generic_room_9, uniq_menkaure

Skill      XL: |  1  2  3  4 |
---------------+-------------+-----
Transmutations | 3 |  3.4
Unarmed Combat | 4 |  4.1
Fighting       | |  1.0
Dodging        | |  2.4
Spellcasting   | |  2.0

Action                   |  1- 3 |  4- 6 || total
-------------------------+-------+-------++-------
Melee: Unarmed           |    59 |    18 ||    77
       Constrict         |    14 |     3 ||    17
       Tentacles         |    11 |     2 ||    13
       Punch             |       |     2 ||     2
 Cast: Sticks to Snakes  |     2 |     1 ||     3
 Stab: Sleeping          |     3 |       ||     3
  Eat: Chunk             |       |     1 ||     1
Armor: Skin              |     6 |     2 ||     8
Dodge: Dodged            |    43 |     9 ||    52

Table legend:
 A = Non-vault XP
 B = Vault XP
 C = Vault XP percentage of total XP
 D = Non-vault monster count
 E = Vault monster count
 F = Vault count percentage of total count
                 A         B        C        D         E       F
            +---------+---------+-------+---------+---------+-------
      Total |     142 |       0 |   0.0 |      19 |       0 |   0.0
            +---------+---------+-------+---------+---------+-------
        D:1 |      10 |       0 |   0.0 |       5 |       0 |   0.0
        D:2 |      24 |       0 |   0.0 |       9 |       0 |   0.0
        D:3 |      51 |       0 |   0.0 |       2 |       0 |   0.0
        D:4 |      57 |       0 |   0.0 |       3 |       0 |   0.0
            +---------+---------+-------+---------+---------+-------
